 Dungeon Sprint DCSS version 0.20-a0-876-g2c7b0bf (webtiles) character file.

10 esc the Sneak (level 2, -2/14 HPs)
             Began as a Spriggan Enchanter on Mar 15, 2017.
             Slain by a crocodile (16 damage)
             ... in the Dungeon (Sprint II: "The Violet Keep of Menkaure").
             The game lasted 00:01:22 (80 turns).

esc the Sneak (Spriggan Enchanter)                    Turns: 80, Time: 00:01:23

Health: -2/14      AC:  2    Str:  4    XL:     2   Next: 10%
Magic:  2/7        EV: 19    Int: 16    God:
Gold:   243        SH:  0    Dex: 16    Spells: 4/7 levels left

rFire    . . .     SeeInvis +   a - +1 dagger
rCold    . . .     Gourm    .   b - +0 robe
rNeg     . . .     Faith    .   (shield restricted)
rPois    .         Spirit   .   (helmet restricted)
rElec    .         Reflect  .   (no cloak)
rCorr    .         Harm     .   (gloves unavailable)
MR       .....     NoTele   +   (boots unavailable)
Stlth    +++.......             (no amulet)
Regen    0.1/turn               (no ring)
MPRegen  0.1/turn               (no ring)

@: very quick
A: unfitting armour, see invisible, herbivore 3, speed 3, slow metabolism 2
a: no special abilities


You were in the Dungeon.
You were not hungry.

You visited 1 branch You collected 243 gold pieces.

Inventory:

Hand Weapons
 a - a +1 dagger (weapon)
Armour
 b - a +0 robe (worn)
Scrolls
 j - a scroll of blinking {!r}
Potions
 e - a potion of curing
 f - a potion of heal wounds
 g - a potion of haste
 h - 2 potions of magic
Books
 c - a book of Maledictions
Comestibles
 d - a bread ration {@e1}


   Skills:
 + Level 1.0 Fighting
 + Level 2.1 Short Blades
 + Level 3.7 Dodging
 + Level 5.5 Stealth
 + Level 3.2 Spellcasting
 + Level 4.1 Hexes


You had 4 spell levels left.
You knew the following spells:

 Your Spells              Type           Power        Failure   Level  Hunger
a - Ensorcelled Hibernat  Hex/Ice        #.....       14%         2    ##.....
v - Corona                Hex            ###....      4%          1    None


Dungeon Overview and Level Annotations

Branches:
Dungeon (1/1)

Altars:

Shops:
D !=:?([?*!%!:}%[=

Annotations:
D exclusion: oklob plant, Menkaure


Innate Abilities, Weirdness & Mutations

You are very small and have problems with some larger weapons.
You are too small for most types of armour.
You have supernaturally acute eyesight. (SInv)
You are a herbivore.
You cover ground extremely quickly.
You need consume almost no food.


Message History

You hit the worm. The worm barely misses you.
You hit the worm. You puncture the worm! You hit the worm.
You kill the worm!
Your Stealth skill increases to level 5!
You hit the worm. You completely miss the worm. The worm bites you.
You take 1 damage, and have 12/13 hp.
You barely miss the worm. You barely miss the worm. You puncture the worm!
The worm closely misses you.
You puncture the worm!
You kill the worm!
Your Spellcasting skill increases to level 3!
Your Hexes skill increases to level 4!
There is an open door here.
You see here a worm corpse.
You puncture the worm! You hit the worm. The worm barely misses you.
You puncture the worm!
You kill the worm!
Your Fighting skill increases to level 1!
Your Short Blades skill increases to level 2!
You have reached level 2!
You regained 8 hp, and now have 20/21 hp.
MP restored: 7 You feel a strong urge to attack something.
You are no longer berserk.
You are exhausted.
You feel yourself slow down.
You now have 243 gold pieces.
You now have 14/14 hp.
There is an open door here.
You see here a worm corpse.
You butcher the worm corpse.
There is an open door here.
You see here 2 chunks of flesh {@w0}.
There isn't anything to butcher here.
There is an open door here.
You see here 2 chunks of flesh {@w0}.
Memorise Ensorcelled Hibernation, consuming 2 spell levels and leaving 4?
You start memorising the spell.
You continue memorising. x2
You finish memorising.
Spell assigned to 'a'.
You start waiting.
You feel yourself speed up.
There is a staircase leading out of the dungeon here.
You have 243 gold pieces.
There is a staircase leading out of the dungeon here.
There is an open door here.
You see here 2 chunks of flesh {@w0}.
You open the door.
Found seven shops.
Found Mehesin's Food Emporium and Gemicor's General Store.
There is an open door here.
You enter the shallow water.
Moving in this stuff is going to be slow.
Found a scale mail.
Found Qepimem's Magic Scroll Shoppe and Gatuacki's Antique Armour Emporium.
You open the door.
You feel less exhausted.
A crocodile comes into view.
The fire dragon roars deafeningly!
Found 2 large rocks.
Found Piutak's Antique Weapon Emporium and Qaufot's Magic Scroll Shoppe.
Menkaure, Prince of Dust comes into view.
There is an open door here.
Menkaure shouts!
Found four items.
Found three shops.
You close the door.
The slime creature quivers.
The slime creature quivers.
There is an entrance to Nutiarak's Jewellery Emporium here.
Okay, then.
There is an entrance to Idaloo Pobau's Antique Armour Shoppe here.
There is an entrance to Nutiarak's Jewellery Emporium here.
Two slime creatures merge to form a large slime creature.
Really walk into a travel-excluded area?
The slime creature quivers.
Menkaure opens the door.
You can't see any susceptible monsters within range! (Use Z to cast anyway.)
Aim: Menkaure (moderately damaged, chance to defeat MR: 51%) Menkaure is outlined in light.
You now have 6/7 mp.
A large slime creature splits.
Two slime creatures merge to form a large slime creature.
Two slime creatures merge to form a very large slime creature.
The crocodile closely misses you.
Aim: a crocodile (chance to defeat MR: 40%)
Okay, then.
Aim: a crocodile (chance to defeat MR: 40%)
The crocodile resists with some effort.
A very large slime creature splits.
You now have 4/7 mp.
Aim: a crocodile (chance to defeat MR: 40%)
The crocodile looks drowsy...
A large slime creature splits.
You now have 2/7 mp.
The helpless crocodile fails to defend itself.
You impale the crocodile!! The crocodile bites you!
Ouch! That really hurt!
You die...

## ≈##
##########≈≈#++
#########≈≈≈...
.......∩#≈≈≈≈.#
∩.....∩.#≈≈≈≈##
.∩...∩.∩#≈≈≈≈#
∩.∩.∩.∩.#≈≈###
.∩.∩.∩.@#≈##.###+#
..∩.∩..t#≈###.##.##
...⌠....M≈'.##%.<.+
........#≈#...##.##
▓▓▓▓▓▓###≈##.###+#
$JD######≈≈### !JJ#
##≈≈ ∩P= +#≈ ). ≈≈


You could see a fire dragon, 3 slime creatures, an oklob plant, a crocodile and
Menkaure.

Vanquished Creatures
  3 worms (D)
3 creatures vanquished.

Vanquished Creatures (others)
  A crocodile (D)
1 creature vanquished.

Grand Total: 4 creatures vanquished

Notes
Turn   | Place    | Note
-------+----------+-------------------------------------------
     0 | D        | esc the Spriggan Enchanter began the quest for the Orb.
     0 | D        | Reached XP level 1. HP: 9/9 MP: 5/5
    10 | D        | Reached skill level 5 in Stealth
    16 | D        | Reached skill level 3 in Spellcasting
    16 | D        | Reached skill level 4 in Hexes
    20 | D        | Reached skill level 1 in Fighting
    20 | D        | Reached skill level 2 in Short Blades
    20 | D        | Reached XP level 2. HP: 14/14 MP: 7/7
    20 | D        | Killed a crocodile
    36 | D        | Learned a level 2 spell: Ensorcelled Hibernation
    57 | D        | Found Hutzef's Book Emporium.
    57 | D        | Found Plog's Food Emporium.
    57 | D        | Found Goextiarr's Distillery.
    57 | D        | Found Nutiarak's Jewellery Emporium.
    57 | D        | Found Voudgh's Distillery.
    57 | D        | Found Boziuxel's Gadget Shoppe.
    57 | D        | Found Idaloo Pobau's Antique Armour Shoppe.
    58 | D        | Found Mehesin's Food Emporium.
    58 | D        | Found Gemicor's General Store.
    59 | D        | Found Qepimem's Magic Scroll Shoppe.
    59 | D        | Found Gatuacki's Antique Armour Emporium.
    61 | D        | Found Piutak's Antique Weapon Emporium.
    61 | D        | Found Qaufot's Magic Scroll Shoppe.
    61 | D        | Noticed a crocodile
    61 | D        | Noticed a fire dragon
    61 | D        | Noticed an oklob plant
    62 | D        | Noticed Menkaure
    62 | D        | Found Emixis's Jewellery Shoppe.
    62 | D        | Found Fyoxez's Distillery.
    62 | D        | Found Xiabemed's Book Shoppe.
    62 | D        | Noticed a slime creature
    63 | D        | Noticed a slime creature
    63 | D        | Noticed a slime creature
    80 | D        | Slain by a crocodile

Vault maps used:
D:        the_violet_keep_of_menkaure

Skill      XL: |  1 |
---------------+----+-----
Stealth        | 5 |  5.5
Spellcasting   | 3 |  3.2
Hexes          | 4 |  4.1
Fighting       | 1 |  1.0
Short Blades   | 2 |  2.1
Dodging        | |  3.7

Action                   || total
-------------------------++-------
Melee: Dagger            ||    14
 Cast: Ensorcelled Hiber ||     2
       Corona            ||     1
  Use: Potion            ||     1
 Stab: Sleeping          ||     1
Dodge: Dodged            ||     5

Vault maps used:
D:        the_violet_keep_of_menkaure

Table legend:
 A = Turns spent in this place as a percentage of turns spent in the entire game.
 B = Non-inter-level travel turns spent in this place as a percentage of non-inter-level travel turns spent in the entire game.
 C = Inter-level travel turns spent in this place as a percentage of turns spent in this place.
 D = Turns resting spent in this place as a percentage of non-inter-level travel turns spent in this place.
 E = Turns spent auto-exploring this place as a percentage of non-inter-level travel turns spent in this place.
 F = Non-inter-level travel turns spent in this place divided by the number of levels of this place that you've seen.
                   A       B       C       D       E      F
               +-------+-------+-------+-------+-------+----------------------
         Total | 100.0 | 100.0 |   0.0 |   2.6 |   0.0 |  77.0
       Dungeon | 100.0 | 100.0 |   0.0 |   2.6 |   0.0 |  77.0
               +-------+-------+-------+-------+-------+----------------------

Table legend:
 A = Kills in this place as a percentage of kills in entire the game.
 B = Kills by you in this place as a percentage of kills by you in the entire game.
 C = Kills by friends in this place as a percentage of kills by friends in the entire game.
 D = Other kills in this place as a percentage of other kills in the entire game.
 E = Experience gained in this place as a percentage of experience gained in the entire game.
 F = Experience gained in this place divided by the number of levels of this place that you have seen.
                   A       B       C       D       E      F
               +-------+-------+-------+-------+-------+----------------------
         Total | 100.0 | 100.0 |  -nan |  -nan | 100.0 |  15.0
       Dungeon | 100.0 | 100.0 |  -nan |  -nan | 100.0 |  15.0
               +-------+-------+-------+-------+-------+----------------------
